Description

This is an aggressive opening in PvP. It works really well in the current fast expand meta.

Notes:

  • Start with a 2-gate opening
  • Scout cannon rush after the second gas
  • Scout the opponent after the second gate
  • 3rd pylon after stalkers 3 and 4
  • Never stop stalker production until 6 of them
  • Add your nexus after stalkers 7 and 8
  • After that, add your robo and play a standard game with a huge advantage

VOD

https://youtu.be/b_3qFtq8Zco

Replay - Gialluca v zuka - Triton EC

Build Order

Get SALT Encoding   

  12  0:01  Probe  
  13  0:13  Probe  
  14  0:17  Pylon  
  14  0:25  Probe (Chrono Boost)  
  16  0:36  Probe (Chrono Boost)  
  16  0:37  Gateway  
  16  0:41  Probe  
  16  0:46  Assimilator  
  17  0:53  Probe  
  17  0:55  Assimilator  
  18  1:06  Probe (Chrono Boost)  
  19  1:11  Gateway  
  19  1:18  Probe (Chrono Boost)  
  20  1:24  Cybernetics Core  
  20  1:26  Probe (Chrono Boost)  
  21  1:34  Pylon  
  21  1:37  Probe  
  18  2:01  Stalker x2  
  23  2:06  Warp Gate  
  28  2:16  Pylon x2  
  28  2:31  Stalker x2  
  32  2:48  Shield Battery  
  32  2:58  Shield Battery  
  32  3:01  Stalker x2  
  36  3:15  Pylon  
  36  3:22  Shield Battery  
  36  3:45  Nexus  
  36  3:54  Stalker x2  
  40  3:59  Robotics Facility  
  41  4:17  Stalker  
Spawning Tool Build Advisor. Get it on Overwolf

Go to:

Details

  • Created by: zuka      
  • Published on: Nov 25, 2019
  • Modified on: Nov 30, 2019
  • Patch: 4.7.1
Show
View Real Time Build Order
Export as new Build Order

Comments (0)

There are no comments. Be the first!

Create an account to comment!